 Dungeon Sprint DCSS version 0.29.1-4-g47bece8355 (webtiles) character file.

Game seed: 2243750024077309740

13258 boopmooplesden the Executioner (level 11, -27/124 HPs)
             Began as a Minotaur Berserker on Dec 1, 2022.
             Was a High Priest of Trog.
             Annihilated by a golden dragon (30 damage)
             ... in the Dungeon (Sprint II: "The Violet Keep of Menkaure").
             The game lasted 00:05:21 (2456 turns).

boopmooplesden the Executioner (Minotaur Berserker) Turns: 2456, Time: 00:05:21

Health: -27/124    AC: 19    Str: 23    XL:     11   Next: 73%
Magic:  10/10      EV: 14    Int:  4    God:    Trog [*****.]
Gold:   839        SH:  0    Dex: 11    Spells: 10/10 levels left

rFire   . . .      SeeInvis +   l - +2 broad axe (flame)
rCold   . . .      Faith    .   (no shield)
rNeg    . . .      Spirit   .   j - +5 scale mail of Limited Liability {SInv}
rPois   .          Reflect  .   k - +1 hat
rElec   .          Harm     .   m - +0 cloak of the Cobbler {rCorr SInv}
rCorr   +          Rampage  +   (no gloves)
Will    .....      NoTele   +   i - +0 pair of boots {rampage}
Stlth   +.........              (no amulet)
HPRegen 0.30/turn               (no ring)
MPRegen 0.12/turn               (no ring)

@: on berserk cooldown, slowed, very slow
A: horns 2, retaliatory headbutt, weak 1
a: Renounce Religion, Berserk, Trog's Hand, Brothers in Arms


You were in the Dungeon.
You worshipped Trog.
Trog was extremely pleased with you.
You visited 1 branch You collected 1739 gold pieces.
You spent 900 gold pieces at shops.

Inventory:

Hand Weapons
 a - a +0 hand axe
 l - a +2 broad axe of flaming (weapon)
 n - a +4 vorpal battleaxe
Missiles
 y - 4 boomerangs of dispersal (quivered)
Armour
 b - a +0 animal skin
 i - a +0 pair of boots of rampaging (worn)
 j - the +5 scale mail of Limited Liability (worn) {SInv}
   (You bought it in a shop in the Dungeon)

   SInv:      It lets you see invisible.
 k - a +1 hat (worn)
 m - the +0 cloak of the Cobbler (worn) {rCorr SInv}
   (You bought it in a shop in the Dungeon)

   SInv:      It lets you see invisible.
   rCorr:     It protects you from acid and corrosion.
Jewellery
 w - a +6 ring of dexterity
Scrolls
 o - a scroll of magic mapping
 q - a scroll of torment
Potions
 c - 2 potions of curing
 d - a potion of heal wounds
 e - 3 potions of haste
 f - 5 potions of magic
 g - a potion of berserk rage
 p - a potion of brilliance {unknown}
 r - 3 potions of flight
 u - 2 potions of mutation
 v - 3 potions of resistance
 x - a potion of degeneration {unknown}
 A - a potion of invisibility {unknown}


   Skills:
 + Level 19.9 Fighting
 + Level 21.7 Axes
 + Level 14.0 Armour
 + Level 12.4 Dodging
 + Level 3.2 Stealth


You had 10 spell levels left.
You didn't know any spells.
Your spell library was empty.

Dungeon Overview and Level Annotations

Branches:
Dungeon (1/1)

Altars:
Cheibriados
Dithmenos
Elyvilon
Fedhas
Gozag
Hepliaklqana
Kikubaaqudgha
Makhleb
Nemelex Xobeh
Okawaru
Qazlal
Ru
Sif Muna
Trog
Uskayaw
Vehumet
Wu Jian
Xom
Yredelemnul
Zin
The Shining One
Jiyva
Lugonu

Shops:
D (:!([?:=!:![=([

Annotations:
D exclusions: ice statue, oklob plant and orange crystal statue


Innate Abilities, Weirdness & Mutations

You have a pair of horns on your head.
You reflexively headbutt those who attack you in melee.
You are weak. (Str -2)


Message History

You closely miss the storm dragon.
The storm dragon is almost dead.
You slash the golden dragon! You burn the golden dragon.
The storm dragon breathes lightning at you.
The bolt of lightning hits you! x2
* * * LOW HITPOINT WARNING * * *
The bolt of lightning hits the storm dragon.
The storm dragon completely resists.
You hit the storm dragon but do no damage.
You headbutt the storm dragon.
The storm dragon is almost dead.
You hit the golden dragon. The golden dragon breathes fire at you.
The bolt of fire hits you!!
* * * LOW HITPOINT WARNING * * *
A frost giant comes into view.
It is wielding a +2 battleaxe of freezing.
The storm dragon bites you!
* * * LOW HITPOINT WARNING * * *
The storm dragon claws you but does no damage.
The storm dragon tramples you.
* * * LOW HITPOINT WARNING * * *
You stumble backwards!
Splash!
You fall into the shallow water.
Moving in this stuff is going to be slow.
The frost giant moves out of view.
You closely miss the storm dragon.
The storm dragon is almost dead.
You closely miss the storm dragon.
The storm dragon is almost dead.
You slice the golden dragon!! You burn the golden dragon.
The golden dragon is almost dead.
You barely miss the golden dragon.
The golden dragon is almost dead.
You are no longer berserk.
You are exhausted.
You feel yourself slow down.
Your unstable footing causes you to fumble your attack.
The golden dragon bites you!!
You die...

#.....∩..#~#.....)###..#..#,,#§.#
#..∩.∩...'~+.##+.<.'.##'..####..#
#.∩.∩....#~###.#C...#..#....###..
▓▓▓▓▓▓▓###~##.##.'#...##......~~~
#?HH######~~###....#.##~~.....~#'
#[[H#YY+,##~~~#.....#~~§~~~~..~#.
#∩P$+Y.#+*#'#~##D..##~~~~~§~~.~#.
#$..#$##.##.#~~#D+#.~~~§§≈~~~~~#_
#)$.###z≈§####~§@~~~~~§§≈§§≈~§§#.
##+###z§§§,*,#+++#+++#~≈≈≈≈≈§§~#_
*,,,**~,~~~***,.°°..,##≈≈§###≈≈#.
**+***~~~,~**...°.....##≈≈#,#≈§#_
*,,,*+~~~,~+.....8°○...+≈≈#+#≈≈#.
**+***~,~~~##......°..##≈≈≈§§≈≈##
*,,,**~~,~~*##...☼.○.##*########~
**+***~~~,~*∩####+####,,,....###~
*,,,***~~~**,,,,*****,,,,.....##~


You could see a golden dragon (catching breath), a storm dragon, a frost giant
and an ice statue.

Vanquished Creatures
  A bone dragon (D)
  A kraken (D)
  2 sphinxes (D)
  Kirke (D)
  A cacodemon (D)
  A yaktaur captain (D)
  A great orb of eyes (D)
  A centaur warrior (D)
  A skeletal warrior (D)
  2 deep trolls (D)
  An elephant (D)
  A yaktaur (D)
  A kobold demonologist (D)
  3 polar bears (D)
  A hornet (D)
  A blink frog (D)
  4 neqoxecs (D)
  Menkaure (D)
  4 water moccasins (D)
  4 necrophages (D)
  4 scorpions (D)
  3 worms (D)
  2 tentacles (D)
42 creatures vanquished.

Vanquished Creatures (others)
  A water moccasin (D)
  9 tentacles (D)
10 creatures vanquished.

Grand Total: 52 creatures vanquished

Notes
Turn   | Place    | Note
-------+----------+-------------------------------------------
     0 | D        | boopmooplesden the Minotaur Berserker began the quest for
                  | the Orb.
     0 | D        | Reached XP level 1. HP: 19/19 MP: 0/0
     1 | D        | Noticed a necrophage
     1 | D        | Noticed a necrophage
     1 | D        | Noticed a necrophage
     1 | D        | Noticed a necrophage
     9 | D        | Killed a necrophage
    10 | D        | Reached skill level 6 in Axes
    10 | D        | Reached XP level 2. HP: 19/31 MP: 1/1
    10 | D        | Reached XP level 3. HP: 23/38 MP: 2/2
    12 | D        | Killed a necrophage
    13 | D        | Reached skill level 7 in Axes
    13 | D        | Reached XP level 4. HP: 30/48 MP: 3/3
    17 | D        | Killed a necrophage
    17 | D        | Reached ** piety under Trog
    18 | D        | Reached skill level 9 in Axes
    18 | D        | Reached XP level 5. HP: 22/57 MP: 4/4
    22 | D        | Reached skill level 5 in Armour
    66 | D        | Killed a water moccasin
   242 | D        | Reached skill level 10 in Fighting
   242 | D        | Reached skill level 10 in Axes
   242 | D        | Reached skill level 5 in Dodging
   242 | D        | Reached XP level 6. HP: 66/66 MP: 5/5
   249 | D        | Reached *** piety under Trog
   250 | D        | Reached skill level 11 in Axes
   362 | D        | Reached **** piety under Trog
   388 | D        | Noticed Menkaure
   394 | D        | Killed Menkaure
   617 | D        | Noticed a neqoxec
   617 | D        | Noticed a neqoxec
   617 | D        | Noticed a neqoxec
   617 | D        | Noticed a neqoxec
   617 | D        | Gained mutation: You are weak. (Str -2) [a neqoxec]
   620 | D        | Killed a neqoxec
   621 | D        | Reached skill level 12 in Axes
   621 | D        | Reached XP level 7. HP: 77/77 MP: 6/6
   627 | D        | Killed a neqoxec
   628 | D        | Reached skill level 13 in Axes
   629 | D        | Killed a neqoxec
   629 | D        | Reached ***** piety under Trog
   631 | D        | Killed a neqoxec
   632 | D        | Reached XP level 8. HP: 38/86 MP: 7/7
   890 | D        | Found Demoyv's Antique Armour Shop.
   890 | D        | Found Hubret's Antique Armour Boutique.
   890 | D        | Found Puuzits's Antique Weapon Boutique.
   890 | D        | Found Aced's Distillery.
   891 | D        | Found Lakh's Book Shop.
   891 | D        | Found Leblam's Distillery.
   891 | D        | Found Pogeante's Jewellery Boutique.
   892 | D        | Found Ummut's Magic Scroll Boutique.
   892 | D        | Found Jaurios's Antique Armour Shop.
   892 | D        | Noticed a fire dragon
   893 | D        | Found Bykesh's Jewellery Shop.
   893 | D        | Found Adghog's Book Boutique.
   893 | D        | Noticed a manticore
   893 | D        | Noticed a manticore
   900 | D        | Reached skill level 14 in Axes
   901 | D        | Noticed a manticore
   906 | D        | Noticed a blink frog
   923 | D        | Killed a blink frog
   927 | D        | Found Ushynon's Weapon Boutique.
   927 | D        | Found Cinkiwut's Distillery.
   927 | D        | Noticed an oklob plant
   928 | D        | Found Vuqustren's Book Shoppe.
   928 | D        | Found Tirenlut's Antique Weapon Boutique.
   952 | D        | Bought a pair of embroidered boots for 187 gold pieces
   953 | D        | Bought a glimmering scale mail for 180 gold pieces
   953 | D        | Identified the +5 scale mail of Limited Liability {SInv}
                  | (You bought it in a shop in the Dungeon)
   953 | D        | Bought a runed hat for 140 gold pieces
   954 | D        | Bought a glowing broad axe for 175 gold pieces
  1162 | D        | Noticed a flying skull
  1163 | D        | Noticed a flying skull
  1163 | D        | Noticed a flying skull
  1171 | D        | Bought a slimy cloak for 218 gold pieces
  1171 | D        | Identified the +0 cloak of the Cobbler {rCorr SInv} (You
                  | bought it in a shop in the Dungeon)
  1201 | D        | Found a stormy altar of Qazlal.
  1201 | D        | Found an ornate altar of the Wu Jian Council.
  1209 | D        | Noticed an ice statue
  1216 | D        | Found a glowing golden altar of the Shining One.
  1217 | D        | Found a hazy altar of Hepliaklqana.
  1217 | D        | Found a sacrificial altar of Ru.
  1217 | D        | Found a shimmering altar of Xom.
  1218 | D        | Found a viscous altar of Jiyva.
  1218 | D        | Found a shimmering blue altar of Sif Muna.
  1219 | D        | Found a snail-covered altar of Cheibriados.
  1219 | D        | Found an ancient bone altar of Kikubaaqudgha.
  1219 | D        | Found a bloodstained altar of Trog.
  1220 | D        | Found a shadowy altar of Dithmenos.
  1220 | D        | Found a corrupted altar of Lugonu.
  1221 | D        | Found a white marble altar of Elyvilon.
  1221 | D        | Found a burning altar of Makhleb.
  1222 | D        | Found a blossoming altar of Fedhas.
  1223 | D        | Found an opulent altar of Gozag.
  1223 | D        | Noticed a polar bear
  1223 | D        | Noticed a polar bear
  1229 | D        | Killed a polar bear
  1230 | D        | Noticed a yaktaur
  1230 | D        | Noticed a hornet
  1230 | D        | Noticed a polar bear
  1235 | D        | Killed a polar bear
  1236 | D        | Reached skill level 15 in Axes
  1236 | D        | Reached skill level 1 in Stealth
  1238 | D        | Killed a hornet
  1240 | D        | Killed a polar bear
  1241 | D        | Reached skill level 15 in Fighting
  1241 | D        | Reached XP level 9. HP: 97/97 MP: 8/8
  1243 | D        | Killed a yaktaur
  1244 | D        | Reached skill level 16 in Axes
  1320 | D        | Received a gift from Trog
  1325 | D        | Noticed a kraken
  1336 | D        | Found a sparkling altar of Nemelex Xobeh.
  1336 | D        | Found a hide-covered altar of Uskayaw.
  1336 | D        | Found a basalt altar of Yredelemnul.
  1337 | D        | Found an iron altar of Okawaru.
  1337 | D        | Found a radiant altar of Vehumet.
  1337 | D        | Found a glowing silver altar of Zin.
  1438 | D        | Noticed an obsidian statue
  1454 | D        | Noticed a deep troll
  1454 | D        | Noticed a deep troll
  1459 | D        | Killed a deep troll
  1460 | D        | Reached skill level 17 in Axes
  1464 | D        | Killed a deep troll
  1465 | D        | Reached skill level 10 in Dodging
  1529 | D        | Noticed a sphinx
  1529 | D        | Noticed a sphinx
  1538 | D        | Killed a sphinx
  1539 | D        | Reached skill level 18 in Axes
  1539 | D        | Reached XP level 10. HP: 111/111 MP: 9/9
  1540 | D        | Killed a sphinx
  1540 | D        | Reached ****** piety under Trog
  1540 | D        | Received a gift from Trog
  1541 | D        | Reached skill level 19 in Axes
  2053 | D        | Killed a kraken
  2054 | D        | Reached skill level 10 in Armour
  2314 | D        | Noticed an orange crystal statue
  2317 | D        | Noticed Kirke
  2317 | D        | Noticed a yaktaur captain
  2317 | D        | Noticed a skeletal warrior
  2331 | D        | Killed a skeletal warrior
  2332 | D        | Reached skill level 20 in Axes
  2336 | D        | Killed Kirke
  2337 | D        | Reached XP level 11. HP: 121/121 MP: 10/10
  2338 | D        | Killed a yaktaur captain
  2349 | D        | Received a gift from Trog
  2354 | D        | Noticed a great orb of eyes
  2358 | D        | Paralysed by a great orb of eyes for 4 turns
  2365 | D        | Killed a great orb of eyes
  2399 | D        | Noticed a centaur warrior
  2404 | D        | Killed a centaur warrior
  2404 | D        | Noticed a cacodemon
  2404 | D        | Noticed a bone dragon
  2404 | D        | Noticed a deep elf high priest
  2405 | D        | Reached skill level 21 in Axes
  2405 | D        | Noticed a golden dragon
  2418 | D        | Noticed a storm dragon
  2447 | D        | Killed a bone dragon
  2448 | D        | Killed a cacodemon
  2451 | D        | Noticed a frost giant
  2451 | D        | HP: 4/186 [storm dragon (11)]
  2456 | D        | Annihilated by a golden dragon

Illustrated notes

Levels and vault maps discovered:
D:        the_violet_keep_of_menkaure [sprint2_stairs_cluster_1,
          sprint2_shoproom, sprint2_temple, sprint2_basic_supplies,
          sprint2_obstacle_2, sprint2_obstacle_3, sprint2_obstacle_4,
          sprint2_obstacle_1, sprint2_obstacle_5, sprint2_timed_cluster_1,
          sprint2_smallroom_cluster_1, sprint2_smallroom_final_cluster_1,
          sprint2_transparent_cluster_1, sprint2_second_timed_cluster_1,
          sprint2_sniper_area_1, sprint2_heavy_combat_area_1,
          sprint2_mutation_trap_area_1, sprint2_forest_area_1,
          sprint2_light_combat_area_1, sprint2_behind_water_1,
          sprint2_near_end_vault_1]

Skill      XL: |  1  2  3  4  5  6  7  8  9 10 11 |
---------------+----------------------------------+-----
Fighting       | 6 7 9 10 12 13 15 17 18 19 | 19.9
Axes           | 6 7 9 10 12 13 15 18 20 21 | 21.7
Armour         | 3 4 5 6 7 9 11 14 | 14.0
Dodging        | 3 4 5 6 7 8 10 11 12 | 12.4
Stealth        | 1 2 3 |  3.2

Action                   |  1- 3 |  4- 6 |  7- 9 | 10-12 || total
-------------------------+-------+-------+-------+-------++-------
Melee: Hand axe          |    10 |    33 |    22 |       ||    65
       Headbutt          |     2 |     5 |    11 |    18 ||    36
       Punch             |       |     1 |     1 |     2 ||     4
       Broad axe         |       |       |    47 |    71 ||   118
Invok: Berserk           |     1 |     2 |     4 |     3 ||    10
       Brothers in Arms  |       |       |       |     1 ||     1
  Use: Scroll            |       |       |       |     8 ||     8
Armor: Animal skin       |       |     5 |       |       ||     5
       Scale mail        |       |       |    28 |    32 ||    60
Dodge: Dodged            |     1 |     5 |    30 |    28 ||    64
